 Dungeon Crawl Stone Soup version 0.30.0-3-ga4e48a9924 (webtiles) character file.

Game seed: 5120829250240560711

9587 monsoonserge the Spear-Bearer (level 11, -2/104 HPs)
             Began as a Minotaur Fighter on May 8, 2023.
             Was an Initiate of Ru.
             Slain by Urug
             ... wielding a +5 broad axe
              (35 damage)
             ... on level 10 of the Dungeon.
             The game lasted 00:41:58 (8330 turns).

monsoonserge the Spear-Bearer (Minotaur Fighter)    Turns: 8330, Time: 00:41:58

Health: -2/104     AC: 22    Str: 26    XL:     11   Next: 25%
Magic:  10/10      EV: 13    Int:  3    God:    Ru [......]
Gold:   538        SH:  5    Dex: 11    Spells: 10/10 levels left

rFire   . . .        E - +1 broad axe (venom)
rCold   + . .        c - +0 buckler
rNeg    + . .        Y - +0 plate armour of the Blacksmith {rN+ Dex+7}
rPois   +            (helmet unavailable)
rElec   .            D - +0 cloak
rCorr   .            q - +2 pair of gloves of Summertime {rPois Will++ Dex-5 Slay+4}
SInv    .            R - +1 pair of boots
Will    ++...        (no amulet) Stlth
                     n - ring of protection from cold
HPRegen 0.37/turn    J - +5 ring of evasion
MPRegen 0.12/turn

%: no passive effects
@: studying Short Blades
A: horns 3, no stealth, retaliatory headbutt, dopey 1, robust 1
a: Renounce Religion, Sacrifice Words, Sacrifice Essence, Sacrifice Artifice,
Reject Sacrifices


You were on level 10 of the Dungeon.
You worshipped Ru.
Ru was noncommittal.
You visited 2 branches of the dungeon, and saw 11 of its levels.
You also visited: Bailey.

You collected 598 gold pieces.
You spent 60 gold pieces at shops.

Inventory:

Hand Weapons
 E - a +1 broad axe of venom (weapon)
 I - a +2 flail of freezing
 O - a +2 halberd of venom
 S - a +3 dire flail of freezing
 W - a +2 vampiric halberd
Missiles
 m - 6 boomerangs (quivered)
 w - 56 poisoned darts
 B - a throwing net
Armour
 c - a +0 buckler (worn)
 e - a scarf of harm
 q - the +2 pair of gloves of Summertime (worn) {rPois Will++ Dex-5 Slay+4}
   (You found it on level 2 of the Dungeon)

   Dex:       It affects your dexterity (-5).
   Slay:      It affects your accuracy & damage with ranged weapons and melee
   (+4).
   rPois:     It protects you from poison.
   Will:      It greatly increases your willpower.
 D - a +0 cloak (worn)
 K - +0 swamp dragon scales
 R - a +1 pair of boots (worn)
 X - +2 fire dragon scales
 Y - the +0 plate armour of the Blacksmith (worn) {rN+ Dex+7}
   (You found it in a bailey)

   Dex:       It affects your dexterity (+7).
   rN:        It protects you from negative energy.
Jewellery
 h - a ring of see invisible
 n - a ring of protection from cold (left hand)
 r - a ring of positive energy
 t - a ring of fire
 x - a ring of poison resistance
 J - a +5 ring of evasion (right hand)
 L - a ring of poison resistance
 M - a ring of protection from fire
Wands
 b - a wand of flame (10)
 P - a wand of polymorph (6)
 V - a wand of roots (4)
Scrolls
 f - a scroll of enchant armour {unknown}
 g - 3 scrolls of teleportation
 i - 3 scrolls of blinking {unknown}
 s - a scroll of torment {unknown}
 u - 2 scrolls of poison {unknown}
 y - a scroll of amnesia {unknown}
 z - 2 scrolls of fear
 H - 2 scrolls of magic mapping
 Q - a scroll of acquirement {unknown}
 U - a scroll of immolation {unknown}
Potions
 a - a potion of ambrosia {unknown}
 d - 3 potions of might
 j - a potion of invisibility {unknown}
 k - 5 potions of berserk rage
 l - 3 potions of curing
 o - 4 potions of mutation
 p - 2 potions of lignification {unknown}
 v - 3 potions of haste
 A - 2 potions of flight {unknown}
 C - 3 potions of heal wounds
 F - 3 potions of degeneration {unknown}
 G - a potion of attraction {unknown}
 N - 3 potions of magic
 Z - a potion of cancellation {unknown}


   Skills:
 - Level 8.6 Fighting
 - Level 7.8(10.9) Axes
 - Level 3.3(6.0) Maces & Flails
 - Level 11.2(12.3) Polearms
 + Level 10.6 Armour
 - Level 3.9 Dodging
 - Level 5.0 Shields
 * Level 3.8 Evocations


You had 10 spell levels left.
You didn't know any spells.
Your spell library contained the following spells:

 Spells                   Type           Power      Damage    Failure   Level
 Apportation              Tloc           0%         N/A       100%        1
 Necrotise                Necr           0%         1d4       100%        1
 Summon Small Mammal      Summ           0%         N/A       100%        1
 Ensorcelled Hibernation  Hex/Ice        0%         N/A       100%        2
 Inner Flame              Hex/Fire       0%         N/A       100%        3
 Spider Form              Tmut/Pois      0%         N/A       100%        3
 Anguish                  Hex/Necr       0%         N/A       100%        4
 Animate Dead             Necr           0%         N/A       100%        4
 Manifold Assault         Tloc           0%         N/A       100%        4
 Borgnjor's Vile Clutch   Necr/Erth      0%         N/A       100%        5
 Yara's Violent Unravell  Hex/Tmut       0%         3d3       100%        5
 Death Channel            Necr           0%         N/A       100%        6
 Dispersal                Tloc           0%         N/A       100%        6
 Enfeeble                 Hex            0%         N/A       100%        7
 Disjunction              Tloc           0%         N/A       100%        8


Dungeon Overview and Level Annotations

Branches:
Dungeon (10/15)            Temple (1/1) D:6            Lair (0/5) D:10
 Bailey (visited)
    Orc: D:9-12

Altars:
Ashenzari
Cheibriados
Dithmenos
Elyvilon
Fedhas
Gozag
Hepliaklqana
Kikubaaqudgha
Makhleb
Nemelex Xobeh
Okawaru
Qazlal
Ru
Sif Muna
Trog
Uskayaw
Vehumet
Wu Jian
Xom
Yredelemnul
Zin
The Shining One

Shops:
D:7 :   D:9 ***

Annotations:
D:5 3 runed translucent doors, komi's ghost, novice MfGl; meatpath's ghost, novice MiBe
D:6 3 runed translucent doors, Inkenn's ghost, novice HOFi; aaron's ghost, amateur HOMo
D:10 Urug


Innate Abilities, Weirdness & Mutations

You have a pair of large horns on your head.
You cannot be stealthy.
You reflexively headbutt those who attack you in melee.
You are dopey. (Int -2)
You are robust. (+10% HP)


Message History

You kill Josephine!
Your life force feels restored.
You see here a +2 glaive of protection.
You can't carry that many items.
v - 3 potions of haste (gained 1)
Things that are here:
a +4 dagger of holy wrath; a +0 robe; the human corpse of Josephine You see here a +2 glaive of protection.
Okay, then.
You drop a stone.
You see here a +2 glaive of protection.
T - a +2 glaive of protection You drop a +2 glaive of protection.
Okay, then.
You see here a stone.
You see here a stone.
You see here a +2 glaive of protection.
Found a stone staircase leading down.
Urug the Orcish Ballista comes into view.
She is wielding a +5 broad axe, wearing a +4 scale mail of positive energy and carrying a wand of roots (6).
Urug shouts!
Urug screams, "All you harpies will die!"
Urug drinks a potion.
Urug goes berserk!
Found a scale mail.
You slash Urug!
Urug is poisoned.
Urug is lightly wounded.
Urug hits you but does no damage. Urug hits you with a +5 broad axe!!
You slice Urug!!
Urug is heavily wounded.
Urug hits you with a +5 broad axe.
You barely miss Urug.
Urug is heavily wounded.
Urug hits you with a +5 broad axe! Urug hits you with a +5 broad axe!!
You hit Urug but do no damage.
Urug looks as sick as possible!
You headbutt Urug.
Urug is heavily wounded.
Urug hits you with a +5 broad axe!
You closely miss Urug.
Urug is heavily wounded.
Urug hits you with a +5 broad axe!!
You die...

#..........#....# ..
############..###..##.##
#.PP......##..###.......
..PPPP.....#.###........
..PPP..>..P#..#.........
...P.P...PP##...........
...PP..P..P###..........
......P...P# #..........
#...P.....## ##?@.......
###)....### #..o>.....
..###.### #.........
......# #.........
)###### .......... (##
........... ..#
..........# ###
#...[.....##


You could see Urug (berserk, extremely poisoned).

Vanquished Creatures
  Josephine (D:10)
  A two-headed ogre (D:9)
  Nergalle (D:9)
  A gargoyle (Bailey)
  Maggie (D:6)
  A komodo dragon (D:10)
  A troll (D:9)
  Sigmund (D:3)
  A vampire (Bailey)
  4 wraiths
  A shadow (D:7)
  5 yaks
  A wyvern (D:9)
  Grum (D:10)
  A steam dragon (D:9)
  Menkaure (D:6)
  A water moccasin (D:9)
  3 orc warriors
  3 black bears
  2 sky beasts (D:7)
  An ogre (D:5)
  2 wolves (D:10)
  2 centaurs (D:8)
  5 kobold brigands
  A phantom (D:6)
  Blork the orc (D:6)
  2 bullfrogs
  2 gnoll sergeants
  6 scorpions
  13 wights
  7 vampire bats (Bailey)
  A wolf zombie (Bailey)
  2 howler monkeys
  4 hounds
  A jelly (D:5)
  7 orc priests
  2 gnoll boudas
  2 iguanas (D:7)
  Jessica (D:2)
  4 orc wizards
  25 gnolls
  4 adders
  A shadow imp (D:8)
  2 ufetubi
  A worm (D:3)
  2 dart slugs
  27 orcs
  6 endoplasms
  2 giant cockroaches
  18 goblins
  2 hobgoblins
  2 jackals (D:3)
  21 kobolds
  2 quokkas (D:3)
  8 ball pythons
  5 bats
  A frilled lizard (D:3)
  18 orc zombies (Bailey)
  8 rats
253 creatures vanquished.

Vanquished Creatures (others)
  28 plants
28 creatures vanquished.

Grand Total: 281 creatures vanquished

Notes
Turn   | Place    | Note
-------+----------+-------------------------------------------
     0 | D:1      | monsoonserge the Minotaur Fighter began the quest for the
                  | Orb.
     0 | D:1      | Reached XP level 1. HP: 19/19 MP: 0/0
   104 | D:1      | Reached XP level 2. HP: 24/27 MP: 1/1
   771 | D:2      | Noticed Jessica
   781 | D:2      | Killed Jessica
   782 | D:2      | Reached XP level 3. HP: 21/33 MP: 2/2
   899 | D:2      | Identified the +2 pair of gloves of Summertime {rPois
                  | Will++ Dex-5 Slay+4}
  1297 | D:3      | Reached XP level 4. HP: 40/40 MP: 3/3
  1451 | D:3      | Noticed Sigmund
  1459 | D:3      | Killed Sigmund
  1460 | D:3      | Reached skill level 5 in Armour
  1460 | D:3      | Reached XP level 5. HP: 32/47 MP: 4/4
  1997 | D:4      | Reached skill level 5 in Axes
  1997 | D:4      | Reached XP level 6. HP: 52/53 MP: 5/5
  2131 | D:4      | Reached skill level 1 in Dodging
  2179 | D:4      | Reached skill level 5 in Fighting
  2388 | D:4      | Reached XP level 7. HP: 21/61 MP: 6/6
  2692 | D:5      | Entered Level 5 of the Dungeon
  2865 | D:5      | Reached skill level 1 in Maces & Flails
  3216 | D:5      | Reached XP level 8. HP: 70/70 MP: 7/7
  3395 | D:5      | Found a runed translucent gate.
  3395 | D:5      | Found a runed translucent gate.
  3395 | D:5      | Found a runed translucent gate.
  3398 | D:5      | Noticed meatpath's ghost (novice MiBe)
  3398 | D:5      | Noticed komi's ghost (novice MfGl)
  3542 | D:6      | Reached skill level 1 in Polearms
  3544 | D:6      | Found a staircase to the Ecumenical Temple.
  3558 | Temple   | Entered the Ecumenical Temple
  3830 | Temple   | Became a worshipper of Ru the Awakened
  3893 | D:6      | Reached skill level 2 in Polearms
  3979 | D:6      | Found a runed translucent gate.
  3980 | D:6      | Found a runed translucent gate.
  3984 | D:6      | Found a runed translucent gate.
  3985 | D:6      | Noticed aaron's ghost (amateur HOMo)
  3985 | D:6      | Noticed Inkenn's ghost (novice HOFi)
  4028 | D:6      | Noticed Maggie
  4034 | D:6      | Killed Maggie
  4035 | D:6      | Reached skill level 4 in Polearms
  4053 | D:6      | Noticed Menkaure
  4055 | D:6      | Killed Menkaure
  4199 | D:6      | Noticed Blork the orc
  4201 | D:6      | Killed Blork the orc
  4228 | D:6      | Reached skill level 5 in Polearms
  4231 | D:6      | Reached XP level 9. HP: 78/78 MP: 8/8
  4660 | D:7      | Found a blossoming altar of Fedhas.
  4670 | D:7      | Reached skill level 6 in Polearms
  4813 | D:7      | Reached skill level 7 in Polearms
  4881 | D:7      | Reached skill level 8 in Polearms
  5129 | D:7      | Reached skill level 1 in Stealth
  5419 | D:7      | Found Cisata's Book Boutique.
  5698 | D:8      | Reached XP level 10. HP: 86/86 MP: 9/9
  5764 | D:8      | Gained mutation: You cannot be stealthy. [Ru sacrifice]
  6635 | D:9      | Reached skill level 9 in Polearms
  6716 | D:9      | Found an ornate altar of the Wu Jian Council.
  6734 | D:9      | Found an opulent altar of Gozag.
  6737 | D:9      | Found an ancient bone altar of Kikubaaqudgha.
  6737 | D:9      | Found a sparkling altar of Nemelex Xobeh.
  6737 | D:9      | Found a bloodstained altar of Trog.
  6738 | D:9      | Found a white marble altar of Elyvilon.
  6738 | D:9      | Found a glowing silver altar of Zin.
  6739 | D:9      | Found a hazy altar of Hepliaklqana.
  6740 | D:9      | Found a stormy altar of Qazlal.
  6742 | D:9      | Found a glowing golden altar of the Shining One.
  6941 | D:9      | Found Lefic's General Store.
  6943 | D:9      | Found Vimusoito's Specific Store.
  6962 | D:9      | Bought a potion of berserk rage for 60 gold pieces
  6971 | D:9      | Identified the +2 helmet of Sunlight {rF+++ rC- Dex-3
                  | Slay+6}
  7060 | D:9      | Found Yggausiku's Assorted Antiques.
  7273 | D:10     | Entered Level 10 of the Dungeon
  7273 | D:10     | Noticed Nergalle
  7284 | D:9      | Killed Nergalle
  7285 | D:9      | Reached skill level 10 in Polearms
  7341 | D:10     | Noticed a two-headed ogre
  7355 | D:9      | Killed a two-headed ogre
  7356 | D:9      | Reached skill level 10 in Armour
  7373 | D:10     | Found a flagged portal.
  7432 | Bailey   | Entered a bailey
  7502 | Bailey   | Reached skill level 11 in Polearms
  7559 | Bailey   | Noticed a gargoyle
  7566 | Bailey   | Killed a gargoyle
  7772 | Bailey   | Reached skill level 5 in Shields
  7778 | Bailey   | Identified the +0 plate armour of the Blacksmith {rN+
                  | Dex+7}
  7946 | D:10     | Reached XP level 11. HP: 93/95 MP: 10/10
  8086 | D:10     | Gained mutation: A frigid envelope surrounds you and
                  | freezes all who hurt you. [potion of mutation]
  8086 | D:10     | Gained mutation: You are frail. (-10% HP) [potion of
                  | mutation]
  8114 | D:10     | Noticed Grum
  8119 | D:10     | Killed Grum
  8120 | D:10     | Reached skill level 1 in Evocations
  8127 | D:10     | Lost mutation: A frigid envelope surrounds you and freezes
                  | all who hurt you. [potion of mutation]
  8127 | D:10     | Lost mutation: You are frail. (-10% HP) [potion of
                  | mutation]
  8127 | D:10     | Gained mutation: You are robust. (+10% HP) [potion of
                  | mutation]
  8127 | D:10     | Gained mutation: You are dopey. (Int -2) [potion of
                  | mutation]
  8127 | D:10     | Gained mutation: You have a pair of large horns on your
                  | head. [potion of mutation]
  8221 | D:10     | Found a staircase to the Lair.
  8249 | D:10     | Noticed Josephine
  8254 | D:10     | Killed Josephine
  8322 | D:10     | Noticed Urug
  8330 | D:10     | Slain by Urug

Illustrated notes

Levels and vault maps discovered:
D:1:      minmay_arrival_glassed_features, layout_basic,
          minmay_misc_feat_enclosed, grunt_decor_one_mirror
D:2:      layout_rooms, chequers_serial_rivers_small_3, serial_park_tiny_pond,
          uniq_jessica
D:3:      wander_river, layout_loops_ring, kennysheep_cross_room,
          wander_ebering_terrifying_dragon_lair, uniq_sigmund
D:4:      nicolae_cairo_tiling, layout_loops_cross
D:5:      layout_loops_cross, gammafunk_ghost_cemetery
D:6:      layout_loops_ring, minmay_temple_entry_wispy,
          gammafunk_ghost_cemetery, corner_web_ring, uniq_maggie, uniq_menkaure,
          uniq_blork_the_orc
D:7:      layout_basic, fedhas_altar_1, serial_shops,
          nicolae_shop_tiny_real_fake_doors
D:8:      layout_loops_ring
D:9:      layout_loops_ring, minitemple, serial_shops, shop,
          nicolae_specific_store
D:10:     layout_rooms, david_lair_shrubbed, enter_bailey_5, uniq_nergalle,
          uniq_grum, uniq_josephine, uniq_urug
Temple:   grunt_temple_mini_profane

Skill      XL: |  1  2  3  4  5  6  7  8  9 10 11 |
---------------+----------------------------------+-----
Fighting       | 4 5 6 7 8 |  8.6
Shields        | 4 5 |  5.0
Armour         | 4 5 6 7 9 10 | 10.6
Axes           | 3 4 5 6 7 |  7.8
Dodging        | 1 2 3 |  3.9
Maces & Flails | 2 3 |  3.3
Polearms       | 5 8 11 | 11.2
Stealth        | 3 0 |  0.0
Evocations     | 3 |  3.8

Action                     |  1- 3 |  4- 6 |  7- 9 | 10-12 || total
---------------------------+-------+-------+-------+-------++-------
  Melee: War axe           |    64 |    66 |       |       ||   130
         Headbutt          |     8 |     6 |    29 |    30 ||    73
         Flail             |       |       |    30 |       ||    30
         Hand axe          |       |       |    17 |       ||    17
         Halberd           |       |       |   134 |   148 ||   282
         Broad axe         |       |       |       |    66 ||    66
  Throw: Boomerang         |       |       |       |     2 ||     2
 Invoke: Sacrifice Stealth |       |       |       |     1 ||     1
    Use: Scroll            |       |       |       |     7 ||     7
         Potion            |       |       |       |     2 ||     2
 Armour: Scale mail        |    31 |    34 |    34 |    46 ||   145
         Swamp dragon scal |       |       |    19 |    15 ||    34
         Plate armour      |       |       |       |    22 ||    22
  Dodge: Dodged            |    30 |    27 |    58 |   135 ||   250
  Block: Buckler           |    16 |    11 |     7 |    10 ||    44
